 Dungeon Crawl Stone Soup version 0.26-a0-23-g3ae7099 (webtiles) character file.

Game seed: 8855328710307206734, levelgen mode: deterministic

0 thirtiethelement the Skirmisher (level 1, -25/23 HPs)
             Began as a Gnoll Abyssal Knight on May 27, 2020.
             Was a Follower of Lugonu.
             Killed from afar by a wretched star (27 damage)
             ... with a lance of force
             ... on level 1 of the Abyss.
             The game lasted 00:00:44 (86 turns).

thirtiethelement the Skirmisher (GnAK)                Turns: 86, Time: 00:00:45

Health: -25/23     AC:  3    Str: 14    XL:     1   Next: 0%
Magic:  3/3        EV: 12    Int: 14    God:    Lugonu [*.....]
Gold:   11         SH:  0    Dex: 14    Spells: 0/0 levels left

rFire    . . .     SeeInvis .   a - +1 hand axe
rCold    . . .     Gourm    .   (no shield)
rNeg     . . .     Faith    .   b - +0 leather armour
rPois    .         Spirit   .   (no helmet)
rElec    .         Reflect  .   (no cloak)
rCorr    .         Harm     .   (no gloves)
MR       .....     Rnd*Tele +   (no boots)
Stlth    +.........             (no amulet)
HPRegen  0.07/turn              (no ring)
MPRegen  0.08/turn              (no ring)

@: no status effects
A: distributed training, fangs 1, [teleportitis 2], strong nose
a: Depart the Abyss, Renounce Religion


You were on level 1 of the Abyss.
You worshipped Lugonu.
Lugonu was aware of your devotion.
You were not hungry.

You visited 0 branches of the dungeon, and saw 0 of its levels.
You visited the Abyss 1 time.

You collected 11 gold pieces.

Inventory:

Hand Weapons
 a - a +1 hand axe (weapon)
Armour
 b - a +0 leather armour (worn)
Scrolls
 e - a scroll of immolation
Comestibles
 c - a ration


   Skills:
 + Level 6.4 Fighting
 + Level 0.0 Short Blades
 + Level 0.0 Long Blades
 + Level 4.4 Axes
 + Level 0.0 Maces & Flails
 + Level 0.0 Polearms
 + Level 0.0 Staves
 + Level 0.0 Slings
 + Level 0.0 Bows
 + Level 0.0 Crossbows
 + Level 0.0 Throwing
 + Level 4.4 Armour
 + Level 2.3 Dodging
 + Level 0.0 Stealth
 + Level 0.0 Shields
 + Level 0.0 Unarmed Combat
 + Level 0.0 Spellcasting
 + Level 0.0 Conjurations
 + Level 0.0 Hexes
 + Level 0.0 Charms
 + Level 0.0 Summonings
 + Level 0.0 Necromancy
 + Level 0.0 Translocations
 + Level 0.0 Transmutations
 + Level 0.0 Fire Magic
 + Level 0.0 Ice Magic
 + Level 0.0 Air Magic
 + Level 0.0 Earth Magic
 + Level 0.0 Poison Magic
 + Level 4.4 Invocations
 + Level 0.0 Evocations


You couldn't memorise any spells.
You didn't know any spells.
Your spell library was empty.

Dungeon Overview and Level Annotations

Branches:
Dungeon (0/15)

Altars:


Innate Abilities, Weirdness & Mutations

Your experience applies equally to all skills.
You have very sharp teeth.
Your uncanny sense of smell can sniff out nearby items.
[You are sometimes teleported next to monsters.]


Message History

You feel weirdly uncertain.
You feel even more weirdly uncertain.
You closely miss the wretched star.
The wretched star is lightly damaged.
You closely miss the sky beast. The sky beast closely misses you.
The wretched star glows turbulently.
The lance of force misses you.
The lance of force hits the sky beast!!
The sky beast dies!
You hit the wretched star.
The wretched star is lightly damaged.
You hit the wretched star but do no damage.
The wretched star is lightly damaged.
You hit the wretched star but do no damage.
You bite the wretched star, but do no damage.
The wretched star is lightly damaged.
You slash the wretched star!
The wretched star is moderately damaged.
The wretched star glows turbulently.
The lance of force hits you!!
Ouch! That really hurt!
You die...

...##.§##....#
. . .# ##.##.#
## #.
....#§##### .
. #
.##.#..###.#
.#### #.
###..#..#.##
..... ..##
..#..#....#
....
.#.##.#...##.
Y###..# ## .
#..... .#.*.#
#.#..#.##@# ##
.##.....†.# #
.....###.#..#
...## ####.#
#. .# #. .# .#


You could see a wretched star.

Vanquished Creatures (others)
  A sky beast (Abyss:1)
1 creature vanquished.

Notes
Turn   | Place    | Note
-------+----------+-------------------------------------------
     0 | Abyss:1  | thirtiethelement the Gnoll Abyssal Knight began the quest
                  | for the Orb.
     0 | Abyss:1  | Reached XP level 1. HP: 23/23 MP: 3/3
    55 | Abyss:1  | Noticed a sky beast
    75 | Abyss:1  | HP: 1/23 [sky beast (5)]
    79 | Abyss:1  | Noticed a wretched star
    82 | Abyss:1  | Killed a sky beast
    86 | Abyss:1  | Killed from afar by a wretched star

Illustrated notes

Levels and vault maps discovered:
Abyss:1:  hangedman_abyss_or_decor_clamps, hangedman_abyss_lost_library

Action                   || total
-------------------------++-------
Melee: Hand axe          ||     6
       Bite              ||     1
  Use: Scroll            ||     1
Armor: Leather armour    ||     1
Dodge: Dodged            ||     2

Table legend:
 A = Non-vault XP
 B = Vault XP
 C = Vault XP percentage of total XP
 D = Non-vault monster count
 E = Vault monster count
 F = Vault count percentage of total count
                 A         B        C        D         E       F
            +---------+---------+-------+---------+---------+-------
      Total |       0 |       0 |   N/A |       0 |       0 |  -nan
            +---------+---------+-------+---------+---------+-------
            +---------+---------+-------+---------+---------+-------
